 Dungeon Crawl Stone Soup version 0.30.0-5-g1a98f26d00 (webtiles) character file.

Game seed: 3909665006679421197

4994 dialectric the Cruncher (level 10, -7/59 HPs)
             Began as a Gargoyle Chaos Knight on May 9, 2023.
             Was a Plaything of Xom.
             Mangled by an orc warlord
             ... wielding a +3 broad axe
              (17 damage)
             ... in a bailey.
             The game lasted 00:09:53 (6704 turns).

dialectric the Cruncher (Gargoyle Chaos Knight)     Turns: 6704, Time: 00:09:54

Health: -7/59      AC: 20    Str: 16 (18) XL:     10   Next: 54%
Magic:  10/10      EV: 12    Int: 10 (13) God:    Xom [.*....]
Gold:   410        SH:  0    Dex: 14 (15) Spells: 9/9 levels left

rFire   . . .        e - +4 quarterstaff (chaos)
rCold   . . .        (shield currently unavailable)
rNeg    + . .        b - +2 leather armour
rPois   ∞            E - +2 helmet
rElec   +            K - +1 cloak
rCorr   .            k - +0 pair of gloves
SInv    .            (no boots)
Will    .....        (no amulet)
Stlth   +++          (no ring)
HPRegen 0.29/turn    (no ring)
MPRegen 0.12/turn

%: no passive effects
@: flying
A: sickness immunity, AC +7, negative energy resistance 1, electricity
resistance, torment resistance 1, petrification resistance, big wings, thin
skeletal structure 1, agile 1, frail 1, evolution 1
a: Renounce Religion


You were in a bailey.
You worshipped Xom.
You were a plaything of Xom.
You visited 2 branches of the dungeon, and saw 10 of its levels.
You also visited: Bailey.

You collected 410 gold pieces.

Inventory:

Hand Weapons
 a - a +0 mace of chaos
 e - a +4 quarterstaff of chaos (weapon)
Armour
 b - a +2 leather armour (worn)
 k - a +0 pair of gloves (worn)
 o - a +0 plate armour
 x - a +0 cloak
 E - a +2 helmet (worn)
 J - a +0 kite shield
 K - a +1 cloak (worn)
Jewellery
 f - a ring of fire
 w - a ring of fire
 y - a ring of magical power
Wands
 z - a wand of mindburst (17)
 G - a wand of digging (8)
Scrolls
 g - 2 scrolls of enchant weapon
 h - 9 scrolls of identify
 i - 2 scrolls of blinking {unknown}
 l - a scroll of noise
 q - 2 scrolls of enchant armour {unknown}
 r - 3 scrolls of teleportation {unknown}
 s - 2 scrolls of vulnerability {unknown}
 t - 2 scrolls of immolation {unknown}
 v - a scroll of brand weapon {unknown}
 A - 2 scrolls of fog {unknown}
 C - a scroll of amnesia
 F - a scroll of silence {unknown}
 I - a scroll of poison {unknown}
 M - a scroll of fear {unknown}
 N - 2 scrolls of magic mapping {unknown}
Potions
 d - 2 potions of brilliance
 j - 5 potions of curing
 m - 4 potions of mutation
 n - 3 potions of lignification
 p - 2 potions of flight
 u - 2 potions of magic {unknown}
 B - a potion of degeneration
 D - 2 potions of might
 H - a potion of ambrosia {unknown}
 L - a potion of heal wounds {unknown}
Miscellaneous
 c - a piece from Xom's chessboard (13/15) (quivered)


   Skills:
 * Level 9.3 Fighting
 + Level 6.0(8.6) Maces & Flails
 + Level 9.4(10.2) Staves
 * Level 6.8 Armour
 - Level 3.0 Dodging
 - Level 1.4 Stealth
 - Level 1.1 Shields
 + Level 0.2 Evocations


You had 9 spell levels left.
You didn't know any spells.
Your spell library contained the following spells:

 Spells                   Type           Power      Damage    Failure   Level
 Freeze                   Ice            0%         1d3       41%         1
 Frozen Ramparts          Ice            0%         1d1       80%         3
 Hailstorm                Conj/Ice       0%         3d3       80%         3
 Ozocubu's Armour         Ice            0%         N/A       80%         3
 Volatile Blastmotes      Fire/Tloc      0%         2d10      80%         3
 Anguish                  Hex/Necr       0%         N/A       99%         4
 Fulminant Prism          Conj/Hex       0%         3d5       99%         4
 Iskenderun's Mystic Bla  Conj/Tloc      0%         2d3       99%         4
 Summon Lightning Spire   Summ/Air       0%         N/A       99%         4
 Lee's Rapid Deconstruct  Erth           0%         3d4*      100%        5
 Metabolic Englaciation   Hex/Ice        0%         N/A       100%        5
 Simulacrum               Ice/Necr       0%         N/A       100%        6
 Enfeeble                 Hex            0%         N/A       100%        7
 Storm Form               Tmut/Air       0%         N/A       100%        7
 Maxwell's Capacitive Co  Air            0%         ∞         100%        8


Dungeon Overview and Level Annotations

Branches:
Dungeon (9/15)             Temple (1/1) D:7          Bailey (1/1)
   Lair: D:8-11         Orc: D:9-12

Altars:
Ashenzari
Cheibriados
Dithmenos
Elyvilon
Gozag
Hepliaklqana
Makhleb
Nemelex Xobeh
Okawaru
Qazlal
Sif Muna
Trog
Uskayaw
Wu Jian
Yredelemnul
Zin

Shops:
D:5 *

Annotations:
D:7 2 transporters, retardedninja's ghost, novice HOFi


Innate Abilities, Weirdness & Mutations

You are immune to sickness and miasma.
Your stone body is resilient. (AC +7)
You are immune to poison.
You resist negative energy. (rN+)
You are resistant to electric shocks. (rElec)
You are resistant to unholy torment.
You are immune to petrification.
Your large and strong wings let you fly.
You have a somewhat thin skeletal structure. (Dex +2, Stealth+)
You are agile. (Dex +4, Str/Int -1)
You are frail. (-10% HP)
You have hidden genetic potential.


Message History

As you read the scroll labelled IKYSYU OLAYR, it crumbles to dust.
It is a scroll of amnesia.
You feel forgetful for a moment. The orc warlord closely misses you.
The orc warlord hits your ice beast with a +3 broad axe!
Unknown command.
Your ice beast barely misses the orc warlord.
Your shadow imp gestures at the orc warlord.
The orc warlord writhes in agony!
Your shadow imp closely misses the orc warlord.
There is an open door here.
It was a potion of flight.
You feel more buoyant.
The orc warrior no longer looks unusually strong.
The orc warlord roars a battlecry!
The orc warrior goes into a battle-frenzy!
The orc warrior hits your ice beast with a +0 battleaxe!!
Your ice beast dies!
Your ice beast disappears in a puff of smoke!
Your shadow imp hits the orc warlord but does no damage.
It was a potion of curing.
You feel better.
Xom roars with laughter!
Xom grants you insight.
You detect items!
The orc warlord hits you with a +3 broad axe.
The orc warlord hits your shadow imp with a +3 broad axe!
Your shadow imp dies!
Your shadow imp disappears in a puff of smoke!
You make a move on Xom's chessboard...
The goblin struggles to resist.
The orc warrior is no longer moving slowly.
The orc warlord hits you with a +3 broad axe!
* * * LOW HITPOINT WARNING * * *
The orc warlord completely misses your butterfly.
Unknown command.
It was a potion of degeneration.
There was something very wrong with that liquid.
You feel weakened.
You feel dopey.
You feel clumsy.
Xom makes a sudden noise!
You hear a hideous shriek!
The goblin closely misses your butterfly.
The orc warlord hits you with a +3 broad axe!
You die...
Xom thinks this is hilarious!

###.....### ###...
##.........###.....
#...........#)))...
#...........'..)...
#.....⌠.....#))...⌠
#....)......#......
#...........#......
###)))......###.....
###.#@#.....###.###...
###..§oo###.###.....###.
##....§§go.###.......
∆##
#.....b.b..8##.......
∆∆#
#......b.g)8#).......
∆∆#
#∩....⌠....)).)......
∆∆#
#.....b....8#.)......
∆∆#
#..........8##.......
∆∆#
##.........###.......
∆##


You could see an orc warlord, 2 orc warriors and 2 goblins.

Vanquished Creatures
  A harpy (shapeshifter) (D:5)
  Pikel (D:6)
  Maurice (D:9)
  Grinder (D:6)
  A wyvern (D:9)
  A water moccasin (D:7)
  A black bear (D:6)
  A sky beast (D:6)
  2 ice beasts
  9 orc warriors
  A centaur (D:9)
  2 ogres
  A lemure (D:6)
  2 phantoms (D:4)
  Blork the orc (D:4)
  A kobold brigand (D:7)
  A bullfrog (D:7)
  5 scorpions
  A gnoll sergeant (D:8)
  2 wights (D:9)
  A jelly (D:7)
  A hound (D:6)
  Crazy Yiuf (D:3)
  3 orc priests
  A sleepcap (D:5)
  4 iguanas
  4 orc wizards
  4 adders
  12 gnolls
  A shadow imp (D:5)
  An ufetubus (D:7)
  A worm (D:2)
  A dart slug (Bailey)
  19 orcs
  8 ball pythons
  8 endoplasms
  4 giant cockroaches
  20 goblins
  14 hobgoblins
  5 quokkas
  7 bats
  2 frilled lizards (D:1)
  8 kobolds
  8 rats
174 creatures vanquished.

Vanquished Creatures (collateral kills)
  4 orc warriors (Bailey)
  A lemure (D:6)
  2 gnolls (Bailey)
  4 orcs (Bailey)
  5 goblins
  5 hobgoblins (Bailey)
21 creatures vanquished.

Vanquished Creatures (others)
  A dancing weapon (Bailey)
  A goblin zombie (D:4)
2 creatures vanquished.

Grand Total: 197 creatures vanquished

Notes
Turn   | Place    | Note
-------+----------+-------------------------------------------
     0 | D:1      | dialectric the Gargoyle Chaos Knight began the quest for
                  | the Orb.
     0 | D:1      | Reached XP level 1. HP: 14/14 MP: 1/1
    12 | D:1      | Reached skill level 1 in Dodging
    82 | D:1      | Reached XP level 2. HP: 17/19 MP: 2/2
   123 | D:1      | XOM: silly message
   841 | D:1      | XOM: silly message
   851 | D:2      | XOM: noise
   858 | D:2      | Reached XP level 3. HP: 23/23 MP: 3/3
  1022 | D:2      | XOM: smoke on damage
  1121 | D:2      | XOM: divination: detect items
  1132 | D:2      | XOM: noise
  1201 | D:2      | Found a sparkling altar of Nemelex Xobeh.
  1263 | D:2      | Reached XP level 4. HP: 25/29 MP: 4/4
  1575 | D:2      | XOM: cloud trail
  1741 | D:3      | XOM: silly message
  1985 | D:3      | XOM: silly message
  1992 | D:3      | Found a runed translucent door.
  1993 | D:3      | Noticed Crazy Yiuf
  2057 | D:3      | XOM: give mutations
  2057 | D:3      | Gained mutation: Your spells are a little harder to cast,
                  | but a little more powerful. [Xom's grace]
  2057 | D:3      | Gained mutation: You are partially covered in large bone
                  | plates. (SH +4) [Xom's grace]
  2191 | D:3      | XOM: give mutations
  2191 | D:3      | Gained mutation: You have large cloven feet. [Xom's grace]
  2191 | D:3      | Gained mutation: You are partially covered in iridescent
                  | scales. (AC +2) [Xom's grace]
  2260 | D:4      | Noticed an ogre
  2267 | D:4      | Killed an ogre
  2268 | D:4      | Reached XP level 5. HP: 28/33 MP: 5/5
  2289 | D:4      | Noticed a phantom
  2291 | D:4      | XOM: summons 1 hostile demon
  2303 | D:4      | XOM: potion effect (brilliance)
  2315 | D:4      | Killed a phantom
  2316 | D:4      | Reached skill level 5 in Maces & Flails
  2316 | D:4      | Reached XP level 6. HP: 38/39 MP: 6/6
  2352 | D:4      | Identified the +12 dagger of Dion {heavy, Will+ Str+2
                  | Dex-2}
  2438 | D:4      | Noticed Blork the orc
  2443 | D:4      | XOM: butterfly on damage
  2460 | D:4      | Killed Blork the orc
  2461 | D:4      | Reached skill level 1 in Stealth
  2476 | D:4      | XOM: give mutations
  2476 | D:4      | Gained mutation: Your large and strong wings let you fly.
                  | [Xom's mischief]
  2476 | D:4      | Lost mutation: You are partially covered in iridescent
                  | scales. (AC +2) [Xom's mischief]
  2476 | D:4      | Lost mutation: Your spells are a little harder to cast, but
                  | a little more powerful. [Xom's mischief]
  2589 | D:4      | Noticed an ice beast
  2655 | D:3      | XOM: swap monsters
  2665 | D:3      | Killed Crazy Yiuf
  2980 | D:4      | Killed an ice beast
  2981 | D:4      | Reached XP level 7. HP: 28/44 MP: 7/7
  2991 | D:4      | Reached skill level 1 in Shields
  3082 | D:4      | XOM: noise
  3120 | D:4      | Found a snail-covered altar of Cheibriados.
  3349 | D:4      | Found a sparkling altar of Nemelex Xobeh.
  3369 | D:4      | Found a white marble altar of Elyvilon.
  3397 | D:4      | Found a burning altar of Makhleb.
  3417 | D:4      | XOM: scenery: 3 doors close
  3494 | D:4      | Found a shadowy altar of Dithmenos.
  3547 | D:4      | Reached skill level 1 in Staves
  3604 | D:5      | Entered Level 5 of the Dungeon
  3604 | D:5      | Found Okleeq's General Store.
  3664 | D:5      | Found a glowing silver altar of Zin.
  3666 | D:5      | Found an opulent altar of Gozag.
  3668 | D:5      | Found a basalt altar of Yredelemnul.
  3668 | D:5      | Found an ornate altar of the Wu Jian Council.
  3707 | D:5      | Reached skill level 5 in Fighting
  3765 | D:5      | an iguana changed into a shapeshifter
  3765 | D:5      | Noticed a shapeshifter (shapeshifter)
  3765 | D:5      | a shapeshifter changed into a harpy
  3765 | D:5      | Noticed a harpy (shapeshifter)
  3780 | D:5      | Killed a harpy
  3781 | D:5      | Reached XP level 8. HP: 33/51 MP: 8/8
  3946 | D:5      | XOM: blink monster(s)
  3954 | D:5      | XOM: confuse monster(s)
  4348 | D:6      | XOM: butterfly on damage
  4414 | D:6      | Noticed Grinder
  4431 | D:6      | Killed Grinder
  4432 | D:6      | Reached skill level 5 in Staves
  4469 | D:6      | Reached skill level 5 in Armour
  4469 | D:6      | Reached XP level 9. HP: 53/56 MP: 9/9
  4750 | D:6      | XOM: god gift: scroll labelled QIS MOOWNU {god gift}
  4777 | D:6      | Noticed Pikel
  4784 | D:6      | XOM: summons 9 friendly demons
  4793 | D:6      | XOM: fog
  4795 | D:6      | Killed Pikel
  4801 | D:6      | Found a shimmering blue altar of Sif Muna.
  4851 | D:6      | Found a hazy altar of Hepliaklqana.
  4902 | D:6      | XOM: cloud trail
  5076 | D:7      | XOM: 2-stop teleportation journey
  5159 | D:7      | Found a bloodstained altar of Trog.
  5159 | D:7      | Noticed retardedninja's ghost (novice HOFi)
  5170 | D:7      | Noticed a moth of wrath
  5254 | D:7      | Found a transporter.
  5262 | D:7      | Found a transporter.
  5344 | D:7      | XOM: 3-stop teleportation journey
  5373 | D:7      | XOM: scenery: summon butterflies
  5762 | D:7      | Found a staircase to the Ecumenical Temple.
  5780 | Temple   | Entered the Ecumenical Temple
  5830 | D:7      | XOM: 1-stop teleportation journey
  5906 | D:8      | Found a hide-covered altar of Uskayaw.
  6008 | D:8      | XOM: confusion
  6011 | D:8      | XOM: cast spell 'Cause Fear'
  6025 | D:9      | Reached XP level 10. HP: 38/64 MP: 10/10
  6072 | D:9      | XOM: 3-stop teleportation journey
  6127 | D:9      | Noticed Maurice
  6134 | D:9      | XOM: summons friendly shadow imp
  6137 | D:9      | Lost mutation: You have large cloven feet. [potion of
                  | mutation]
  6137 | D:9      | Lost mutation: You are partially covered in large bone
                  | plates. (SH +4) [potion of mutation]
  6137 | D:9      | Gained mutation: You have hidden genetic potential. [potion
                  | of mutation]
  6137 | D:9      | Gained mutation: You are frail. (-10% HP) [potion of
                  | mutation]
  6137 | D:9      | Gained mutation: You are agile. (Dex +4, Str/Int -1)
                  | [potion of mutation]
  6137 | D:9      | Gained mutation: You have a somewhat thin skeletal
                  | structure. (Dex +2, Stealth+) [potion of mutation]
  6151 | D:9      | Killed Maurice
  6252 | D:9      | Found a flagged portal.
  6258 | Bailey   | Entered a bailey
  6324 | Bailey   | XOM: polymorph gnoll -> dart slug
  6458 | Bailey   | XOM: smoke on damage
  6502 | Bailey   | XOM: potion effect (curing)
  6638 | Bailey   | XOM: chaos upgrade
  6681 | Bailey   | Noticed an orc warlord
  6690 | Bailey   | XOM: cast spell 'Summon Ice Beast'
  6692 | Bailey   | XOM: butterfly on damage
  6697 | Bailey   | XOM: summons friendly shadow imp
  6702 | Bailey   | XOM: divination: detect items
  6704 | Bailey   | XOM: noise
  6704 | Bailey   | Mangled by an orc warlord

Illustrated notes

Levels and vault maps discovered:
D:1:      dpeg_arrival_court, layout_basic
D:2:      layout_basic, basic_altar, minmay_pentomino_w4
D:3:      layout_loops_cross, minivault_19, uniq_crazy_yiuf_cottage
D:4:      layout_basic, nemelex_altar_shiori, nicolae_overflow_quartered_altars,
          uniq_blork_the_orc
D:5:      nicolae_cairo_tiling_very_big, layout_cave_pools,
          grunt_temple_overflow_open, serial_shops, shop
D:6:      minmay_general_purpose_star, layout_rooms,
          nicolae_hepliaklqana_hippocampus, kennysheep_mini_moat, uniq_grinder,
          uniq_pikel
D:7:      layout_basic, minmay_temple_entry_offerings,
          gammafunk_ghost_wrathful_warriors
D:8:      layout_rooms, nicolae_uskayaw_dance_hall,
          hangedman_abyss_or_decor_passed
D:9:      layout_roguey, enter_bailey_3, uniq_maurice, uniq_harold
Temple:   compressed_dpeg_circular_temple
Bailey:   bailey_axe_minmay_hex_keep, bailey

Skill      XL: |  1  2  3  4  5  6  7  8  9 10 |
---------------+-------------------------------+-----
Dodging        | 1 2 3 |  3.0
Maces & Flails | 4 5 6 |  6.0
Fighting       | 4 5 6 8 9 |  9.3
Armour         | 3 4 5 6 |  6.8
Stealth        | 1 |  1.4
Shields        | 1 |  1.1
Staves         | 3 5 8 9 |  9.4
Evocations     | |  0.2

Action                     |  1- 3 |  4- 6 |  7- 9 | 10-12 || total
---------------------------+-------+-------+-------+-------++-------
  Melee: Mace              |   135 |   105 |       |       ||   240
         Kick              |       |    11 |    48 |     2 ||    61
         Quarterstaff      |       |    12 |   201 |   116 ||   329
  Evoke: Piece from Xom's  |       |     2 |     1 |     2 ||     5
         Wand              |       |       |       |     2 ||     2
    Use: Scroll            |     1 |       |     1 |     2 ||     4
         Potion            |       |     2 |     2 |     4 ||     8
   Stab: Confused          |       |     1 |     1 |       ||     2
         Sleeping          |       |     1 |       |       ||     1
         Paralysed         |       |       |     1 |     1 ||     2
         Petrified         |       |       |     1 |       ||     1
 Armour: Leather armour    |    61 |    58 |    80 |    47 ||   246
         Skin              |       |    22 |       |       ||    22
  Dodge: Dodged            |   107 |    58 |    92 |    86 ||   343
  Block: Other             |       |     8 |    33 |     1 ||    42
